Cogmind - Beta 11.1 @@@ ROGUE MODE // 2022.06.19 @ 03:38:30 Player: woegarden Result: Self-destructed Performance ------------- Evolutions (1) 500 Regions Visited (2) 400 Robots Destroyed (8) 40 Value Destroyed (80) 80 Prototype IDs (0) 0 Alien Tech Used (0) 0 Bonus (0) 0 TOTAL SCORE: 1020 Bonus ------- None Cogmind --------- Core Integrity 327/400 Matter 298/300 Energy 100/100 System Corruption 0% Temperature Cool (0) Movement Walking (120) Location -9/Materials Parts ------- > --- POWER (1) -------- (None) > --- PROPULSION (3) --- Aluminum Leg > --- UTILITY (3) ------ Small Storage Unit > --- WEAPON (2) ------- (None) > --- INVENTORY (8) ---- Light Nuclear Core Compact Wheel Compact Wheel Assault Rifle Peak State ------------ > --- POWER ------------ Light Nuclear Core > --- PROPULSION ------- Aluminum Leg Aluminum Leg > --- UTILITY ---------- Small Storage Unit > --- WEAPON ----------- EM Pulse Gun > --- INVENTORY -------- Compact Wheel Compact Wheel Assault Rifle [Rating: 7] Favorites ----------- Power Light Nuclear Core Engine Light Ion Engine Power Core Light Nuclear Core Propulsion Aluminum Leg Leg Aluminum Leg Utility Small Storage Unit Storage Small Storage Unit Weapon EM Pulse Gun Energy Gun EM Pulse Gun Build | -11 -10 -9 ------- Run | Scr Mat Mat Slots Evolved 2 | . . 2 Power . | . . . Propulsion 1 | . . 1 Utility 1 | . . 1 Weapon . | . . . Parts Attached 1 | . . 1 Power 1 | . . 1 Engine . | . . . Core 1 | . . 1 Reactor . | . . . Propulsion . | . . . Treads . | . . . Leg . | . . . Wheel . | . . . Hover . | . . . Flight . | . . . Utility . | . . . Device . | . . . Storage . | . . . Processor . | . . . Hackware . | . . . Protection . | . . . Artifact . | . . . Weapon . | . . . Energy Gun . | . . . Energy Cannon . | . . . Ballistic Gun . | . . . Ballistic Cannon . | . . . Launcher . | . . . Special Weapon . | . . . Impact Weapon . | . . . Slashing Weapon . | . . . Piercing Weapon . | . . . Special Melee Weapon . | . . . Unidentified Prototypes . | . . . Parts Lost 4 | . 1 3 Power 1 | . . 1 Propulsion 1 | . . 1 Utility . | . . . Weapon 2 | . 1 1 Highest Loss Streak 3 | . 1 3 To Critical Strikes . | . . . Average Slot Usage (%) 64 | . 80 53 Engine 5 | . 14 . Core 6 | . . 10 Leg 23 | . 28 21 Storage 12 | . 14 11 Energy Gun 15 | . 23 10 Naked Turns . | . . . Heaviest Build 12 | 12 12 12 Greatest Support 20 | 20 20 20 Greatest Overweight (x) . | . . . Average Overweight (x) . | . . . Largest Inventory Capacity 8 | . 8 8 Average Capacity 8 | . 8 8 Most Carried 6 | . 6 4 Average Carried 4 | . 4 3 Final Capacity 8 | 8 8 8 Final Carried 6 | 6 4 4 Class Distribution -------------------- 100% | Mutant Dominant Class ---------------- Mutant | -10/Materials Mutant | -9/Materials Resources | -11 -10 -9 ----------- Run | Scr Mat Mat Matter Collected 188 | 168 20 . Remotely . | . . . Salvage Created 249 | . 249 . Parts 22 | . 22 . Haulers Intercepted 1 | . 1 . Recyclers Shooed . | . . . Parts Field Recycled . | . . . Retrieved Matter . | . . . Parts Self-Destructed . | . . . Prevented . | . . . Kills | -11 -10 -9 ------- Run | Scr Mat Mat Combat Hostiles Destroyed 3 | . 3 . Guns 2 | . 2 . AOE 1 | . 1 . Classes Destroyed 6 | . 6 . Worker 1 | . 1 . Builder 1 | . 1 . Hauler 1 | . 1 . Recycler 1 | . 1 . Watcher 1 | . 1 . Swarmer 3 | . 3 . Best Kill Streak 8 | . 8 . Combat Bots Only 3 | . 3 . Max Kills in Single Turn 5 | . 5 . Gunslinging . | . . . Exploded 1 | . 1 . Melee . | . . . Uniques/NPCs Destroyed . | . . . Combat | -11 -10 -9 -------- Run | Scr Mat Mat Damage Taken 447 | . 109 338 Core 100 | . 27 73 Absorbed by Shields . | . . . Core Remaining (%) 94 | 100 89 . Volleys Fired 5 | . 5 . Largest 2 | . 2 . Hottest 80 | . 80 . Shots Fired 10 | . 10 . Gun 10 | . 10 . Cannon . | . . . Launcher . | . . . Special . | . . . Kinetic . | . . . Thermal . | . . . Explosive . | . . . Electromagnetic 10 | . 10 . Robot Hit Streak 3 | . 3 . Robot Miss Streak 3 | . 3 . Penetration Max . | . . . Secondary Targets . | . . . Shots Hit Robots 5 | . 5 . Core Hits 12 | . 12 . Critical Kills . | . . . Critical Parts Destroyed . | . . . Critical Strikes . | . . . Melee Attacks . | . . . Impact . | . . . Slashing . | . . . Piercing . | . . . Sneak Attacks . | . . . Combat Hostiles . | . . . Follow-up Attacks . | . . . Damage Inflicted 337 | . 337 . Guns 59 | . 59 . Cannons . | . . . Explosions 278 | . 278 . Melee . | . . . Ramming . | . . . Kinetic . | . . . Thermal 65 | . 65 . Explosive . | . . . Electromagnetic 272 | . 272 . Impact . | . . . Slashing . | . . . Piercing . | . . . Highest Corruption . | . . . Average Corruption . | . . . Corruption Purged . | . . . Corruption Blocked . | . . . Overload Shots . | . . . Overflow Damage 5 | . 5 . Projectiles . | . . . Explosions 5 | . 5 . Melee . | . . . Knockbacks . | . . . Impact . | . . . Kinetic . | . . . Secondary . | . . . Self-Inflicted Damage 63 | . 63 . Shots 3 | . 3 . Rammed . | . . . Targets Rammed . | . . . Kicked . | . . . Crushed . | . . . Highest Temperature 84 | . 84 . Average Temperature 41 | . 41 . Received Heat Transfer . | . . . Siege Activations . | . . . Robots Corrupted . | . . . Combat Hostiles . | . . . Parts Fried . | . . . Impact Corruptions . | . . . Robots Melted . | . . . Combat Hostiles . | . . . Parts Melted . | . . . Heat Transferred 150 | . 150 . Parts Sabotaged . | . . . Parts Stolen . | . . . Parts Stripped . | . . . Power Chain Reactions 1 | . 1 . Missiles Intercepted . | . . . Alert | -11 -10 -9 ------- Run | Scr Mat Mat Peak Influence 161 | . 161 72 Initial 67 | . . 67 Average 61 | . 53 66 Maximum Alert Level . | . . . Low Security (%) 100 | . 100 100 Level 1 . | . . . Level 2 . | . . . Level 3 . | . . . Level 4 . | . . . Level 5 . | . . . High Security . | . . . Max Security . | . . . Squads Dispatched 1 | . . 1 Investigation . | . . . Extermination . | . . . Reinforcement 1 | . . 1 Assault . | . . . Garrison . | . . . Intercept . | . . . Searches Triggered . | . . . Construction Impeded . | . . . Haulers Reinforced . | . . . Active Scanning Responses . | . . . Cargo Convoy Interrupts . | . . . Stealth | -11 -10 -9 --------- Run | Scr Mat Mat Distress Signals 4 | . 1 3 Communications Jammed . | . . . Distress Signals . | . . . Times Spotted 22 | . 7 15 Peak Tracking Total 12 | . 5 12 Tactical Retreats . | . . . Traps | -11 -10 -9 ------- Run | Scr Mat Mat Traps Triggered . | . . . Indirectly . | . . . Trap Hack Attempts . | . . . Triggered . | . . . Disarmed . | . . . Reprogrammed . | . . . Reused . | . . . Traps Extracted . | . . . Installed . | . . . Triggered . | . . . Machines | -11 -10 -9 ---------- Run | Scr Mat Mat Machines Disabled 2 | . 2 . Max in Single Turn 2 | . 2 . Machines Sabotaged . | . . . Garrisons Compromised . | . . . Overloaded Fab Kills . | . . . Hacking | -11 -10 -9 --------- Run | Scr Mat Mat Machines Accessed . | . . . Terminals . | . . . Fabricators . | . . . Repair Stations . | . . . Recycling Units . | . . . Scanalyzers . | . . . Garrison Access . | . . . Total Hacks . | . . . Successful . | . . . Failed . | . . . Catastrophic . | . . . Database Lockouts . | . . . Manual . | . . . Terminals . | . . . Fabricators . | . . . Repair Stations . | . . . Recycling Units . | . . . Scanalyzers . | . . . Garrison Access . | . . . Terminal Hacks . | . . . Fabricator Hacks . | . . . Repair Station Hacks . | . . . Recycling Unit Hacks . | . . . Scanalyzer . | . . . Garrison Access Hacks . | . . . Unauthorized Hacks . | . . . Terminals . | . . . Fabricators . | . . . Repair Stations . | . . . Recycling Units . | . . . Scanalyzers . | . . . Garrison Access . | . . . Data Cores Recovered . | . . . Used . | . . . Hacking Detections . | . . . Full Trace Events . | . . . Feedback Events . | . . . Feedback Blocked . | . . . Robot Schematics Acquired . | . . . Robots Built . | . . . Authchips . | . . . Time . | . . . Total Robot Build Rating . | . . . Part Schematics Acquired . | . . . Parts Built . | . . . Authchips . | . . . Time . | . . . Total Part Build Rating . | . . . Parts Repaired . | . . . Time . | . . . Parts Recycled . | . . . Recycled Matter . | . . . Retrieved Matter . | . . . Retrieved Components . | . . . Parts Scanalyzed . | . . . Part Schematics Acquired . | . . . Parts Damaged . | . . . Bothacking | -11 -10 -9 ------------ Run | Scr Mat Mat Used RIF Installer . | . . . Robots Hacked . | . . . Non-combat . | . . . Combat . | . . . Robot Hacks Applied . | . . . Relay Couplers Released . | . . . Fabnet Peak Effective % . | . . . Robots Rewired . | . . . Allies Hacked . | . . . Hacks Repelled . | . . . Allies | -11 -10 -9 -------- Run | Scr Mat Mat Total Allies . | . . . Largest Group . | . . . Highest-Rated Group . | . . . Highest-Rated Ally . | . . . Total Orders . | . . . Ally Attacks . | . . . Total Damage . | . . . Kills . | . . . Allies Corrupted . | . . . Allies Melted . | . . . Intel | -11 -10 -9 ------- Run | Scr Mat Mat Robot Analysis Total . | . . . Derelict Logs Recovered . | . . . Drone Launches . | . . . Drone Recoveries . | . . . Exploration | -11 -10 -9 ------------- Run | Scr Mat Mat Turns Passed 263 | . 103 160 Spaces Moved 204 | 1 73 130 Core . | . . . Treads . | . . . Legs 204 | 1 73 130 Wheels . | . . . Hover . | . . . Flight . | . . . Fastest Speed 120 | 120 120 120 Average Speed 120 | 120 120 120 Slowest Speed 120 | 120 120 120 Overloaded Moves . | . . . Propulsion Burnouts . | . . . Robots Hopped . | . . . Cave-ins Triggered . | . . . Exploration Rate (%) 13 | 1 25 14 Regions Visited 2 Branch Regions . Pre-discovered Areas . | . . . Known Exits Taken . | . . . Unknown Exits Taken 2 | 1 1 . Scrap Searched . | . . . Spaces Dug . | . . . Terrain Destroyed 4 | . 4 . Melee . | . . . Projectile . | . . . AOE 4 | . 4 . Terrain Rammed . | . . . Walls Destroyed . | . . . Machines Disabled . | . . . Actions | -11 -10 -9 --------- Run | Scr Mat Mat Total 213 | . 79 134 Wait . | . . . Move 202 | . 72 130 Hop . | . . . Pick Up 1 | . . 1 Fast Attach 1 | . . 1 Attach . | . . . Detach . | . . . Swap . | . . . Drop 4 | . 2 2 Fire 5 | . 5 . Melee . | . . . Ram . | . . . Kick . | . . . Crush . | . . . Escape Stasis . | . . . Rewire . | . . . Trap . | . . . Miscellaneous . | . . . Route ------- -11/Scrapyard -10/Materials -9/Materials History --------- Turn | Location | Event 1 | -11/Scrapyard | Discovered new exit (range 0) 1 | -11/Scrapyard | Entered Materials 91 | -10/Materials | Discovered new exit (range 12) 104 | -10/Materials | Entered another Materials area 104 | -9/Materials | Evolved 2 slots: Propulsion x1, Utility x1 264 | -9/Materials | Self-destructed Last Messages --------------- 00073_ Door malfunctions. 00073_ EM Pulse Gun destroyed. 00073_ Destroyed EM Pulse Gun. 00091_ EXIT=FOUND PARAMETERS=PROPULSION+1,UTILITY+1 LOCATION=UNKNOWN GOAL=ESCAPE 00116_ Dropped Lgt. Ion Engine. 00118_ Acquired Lgt. Nuclear Core. 00235_ O-16 Technician uses terminal to summon reinforcements. 00235_ ALERT: Hostiles spotted, dispatching reinforcements to Terminal M010. 00235_ O-16 Technician locks terminal. 00244_ S-10 Pest destroyed. 00252_ EM Pulse Gun destroyed. 00254_ W-16 Scout sends out distress signal. 00257_ Aluminum Leg destroyed. 00259_ S-10 Pest destroyed. 00260_ Lgt. Nuclear Core destroyed. 00262_ W-16 Scout sends out distress signal. Map ----- +----------------------------------------------------+ | ??????????????????????????????????????????????? | | ??????????????????????????????????????????????? | | ??????????????????????????????????????????????? | | ??????????????????????????????????????????????? | | ??????????????????????????????????????????????? | | ??????????????????????????????????????????????? | | ??????????????????????????????????????????????? | | ??????????????????????????????????????????????? | | ????????????????? ????????????????????????????? | | ????????????????? ????????????????????????????? | | ????????????????? ????????????????????????????? | | ????????????????? ????????????????????????????? | | ????????????????? ????????????????????????????? | | ????????????????? ????????????????????????????? | | ????????????????? ????????????????? ??????????? | | ????????????????# #??????????????? ???????????? | | ????????????????# #?????????????? ????????????? | | ????????????????# #????????????? #????????????? | | ???????????????? /???????????? #????????????? | | ????????????????# #??????????? #????????????? | | ????????????????# #?????????? #????????????? | | ????????????????# #???####### #????????????? | | ????????????????# #???# #????????????? | | ????????????????#s#####w #????????????? | | ????????????????#Yss ss #????????????? | | ????????????????# s @ #????????????? | | ????????????????# """ #????????????? | | ????????????????# ["""a #???????????? | | ????????????????# =%""" #???????????? | | ???????????????## u"""s == #???????????? | | ???????????????#" s == #???????????? | | ???????????????#T #???????????? | | ???????????????#" """ #???????????? | | ???????????????## k """ #???????????? | | ????????????????# =""" #???????????? | | ????????????????# *%""" #???????????? | | ????????????????# %[* #???????????? | | ????????????????# =[= #???????????? | | ????????????????### #???????????? | | ??????????????????# #???????????? | | ??????????????????# ########## #????????????? | | ??????????????????# #????????# #????????????? | | ??????????????????# #????????# +????????????? | | ??????????????????# #???###### #????????????? | | ??????????????????# ## ## #????????????? | | ??????????????????# ## """ ## #????????????? | | ?????????????###??# ## """ ## #????????????? | | ?????????????# ?# ## """ ## ######???????? | | ?????????????# ?# + """ ## ##* #???????? | | ?????????????# # #?? ## ##***#???????? | +----------------------------------------------------+ Best States ------------- Heat Dissipation 28 Energy Generation 14 Energy Capacity 160 Matter Stores 293 Matter Capacity 300 Sight Range 16 Terrain Scan Density 10 Evasion (%) 55 Item Schematics ----------------- None Robot Schematics ------------------ None Fabricated ------------ Nothing Alien Tech Used ----------------- None Achievements -------------- None Challenges ------------ None Game ------ Seed SmartbombScatterInverter Manual? 0 Play Time 00:03:05 Cumulative 88.4 hours Start 2022.06.19 @ 03:36:13 End 2022.06.19 @ 03:38:30 Sessions 1 Manual Loads 0 Difficulty Rogue Special Mode None Game No. 144 Rogue 98 Adventurer 45 Explorer 1 Win Type - Total 0 Types 0/0/0/0/0/0/0/0/0 Lore% 28 Gallery% 48 Achievement% 34 Wizard Run 0 Options --------- ASCII 0 Keyboard 0 Movement Mouse Keybinds 0 Fullscreen 2 Font 18/X11Bold Map View 76x50 Tactical HUD 1 Map Filters NONE Filters LOW_CONTRAST(13,24,33)|BRIGHTNESS(90)|SATURATION(87) Steam 1 RUN: f88030df-ca17-42bb-acdf-6653802dbaa1